 Dungeon Crawl Stone Soup version 0.29.1-2-gbd0b4ee654 (webtiles) character file.

Game seed: 3290292878895292126

216 funnyparkerb the Caller (level 5, -4/22 HPs)
             Began as a Felid Summoner on Oct 30, 2022.
             Was an Initiate of Gozag.
             Shot with an arrow by a centaur (6 damage)
             ... on level 5 of the Dungeon.
             The game lasted 00:09:00 (4777 turns).

funnyparkerb the Caller (Felid Summoner)            Turns: 4777, Time: 00:09:00

Health: -4/22      AC:  1    Str: 10    XL:     5   Next: 61%
Magic:  6/11       EV: 33    Int: 18    God:    Gozag
Gold:   158        SH:  0    Dex: 17    Spells: 2/11 levels left
                                        Lives:  0   Deaths: 1

rFire   . . .      SeeInvis +   (weapon unavailable)
rCold   . . .      Faith    .   (shield unavailable)
rNeg    . . .      Spirit   .   (body armour unavailable)
rPois   .          Reflect  .   (helmet unavailable)
rElec   .          Harm     .   (cloak unavailable)
rCorr   .          Rampage  .   (gloves unavailable)
Will    .....                   (boots unavailable)
Stlth   ++........              k - amulet of the acrobat
HPRegen 0.07/turn               q - +6 ring of strength
MPRegen 0.12/turn               (no ring)

@: acrobatic, quick
A: very small, claws 1, fangs 3, see invisible, speed 1, shaggy fur 1, stealthy
paws, no weapons or thrown items, no armour, multi-lived
a: Renounce Religion, Potion Petition, Call Merchant, Bribe Branch


You were on level 5 of the Dungeon.
You worshipped Gozag.
Gozag was aware of your devotion.
You visited 2 branches of the dungeon, and saw 6 of its levels.

You collected 229 gold pieces.
You paid 71 gold pieces to Gozag.

Inventory:

Jewellery
 k - an amulet of the acrobat (around neck)
 q - a +6 ring of strength (left paw)
Scrolls
 c - a scroll of silence {unknown}
 e - 2 scrolls of teleportation {unknown}
 g - a scroll of enchant weapon {unknown}
 h - a scroll of acquirement {unknown}
 j - a scroll of fear {unknown}
 l - a scroll of magic mapping {unknown}
 m - a scroll of amnesia {unknown}
 n - a scroll of torment {unknown}
 o - 2 scrolls of identify {unknown}
 p - a scroll of blinking {unknown}
Potions
 a - a potion of magic
 b - a potion of invisibility {unknown}
 d - 2 potions of cancellation {unknown}
 f - a potion of curing {unknown}
 i - 2 potions of degeneration {unknown}


   Skills:
 + Level 1.6 Fighting
 + Level 3.6 Dodging
 - Level 2.6 Stealth
 + Level 3.6 Spellcasting
 + Level 2.6 Hexes
 + Level 5.2 Summonings


You had 2 spell levels left.
You knew the following spells:

 Your Spells              Type           Power      Damage    Failure   Level
a - Summon Small Mammal   Summ           88%        N/A       1%          1
b - Call Imp              Summ           22%        N/A       2%          2
c - Call Canine Familiar  Summ           22%        N/A       5%          3
d - Summon Guardian Gole  Hex/Summ       17%        N/A       9%          3

Your spell library contained the following spells:

 Spells                   Type           Power      Damage    Failure   Level
 Stone Arrow              Conj/Erth      6%         3d7       41%         3
 Summon Lightning Spire   Summ/Air       12%        N/A       45%         4
 Conjure Ball Lightning   Conj/Air       1%         3x3d6     100%        6
 Discord                  Hex            6%         N/A       100%        8
 Disjunction              Tloc           1%         N/A       100%        8
 Lehudib's Crystal Spear  Conj/Erth      1%         10d2      100%        8
 Animate Armour           Summ/Erth      Unusable   N/A       N/A         4

Dungeon Overview and Level Annotations

Branches:
Dungeon (5/15)             Temple (1/1) D:4

Altars:
Cheibriados
Dithmenos
Elyvilon
Gozag
Hepliaklqana
Kikubaaqudgha
Makhleb
Qazlal
Trog
Xom
Yredelemnul
The Shining One


Innate Abilities, Weirdness & Mutations

You have sharp claws.
You have razor-sharp teeth.
You have supernaturally acute eyesight. (SInv)
You cover ground quickly. (Speed+)
You are covered in fur. (AC +1)
Your paws help you pounce on unaware monsters.
You are incapable of wielding weapons or throwing items.
You cannot wear armour.
You gain extra lives every three experience levels.


Message History

What are your orders? t - Meow!
Orders for allies: a - Attack new target. r - Retreat! s - Stop attacking. g - Guard the area. f - Follow me.
Anything else - Cancel.
Gang up on whom?
Press: ? - help, Dir - move target, f - centaur
Aim: a centaur, wielding a +2 shortbow of freezing Attack!
The centaur shoots an arrow.
The arrow hits your guardian golem!
The centaur shoots an arrow.
The arrow hits your guardian golem!
Your guardian golem overheats!
The centaur shoots an arrow.
The arrow hits your guardian golem. Flame seeps out of your guardian golem.
The arrow freezes your guardian golem. Flame seeps out of your guardian golem.
Your guardian golem is engulfed in blazing flames.
Flame seeps out of your guardian golem.
The centaur unwields a +2 shortbow of freezing.
The centaur hits your guardian golem but does no damage.
The centaur kicks your guardian golem but does no damage.
The centaur wields a +2 shortbow of freezing.
It is covered in frost.
The centaur shoots an arrow.
The arrow hits your guardian golem. Flame seeps out of your guardian golem.
The arrow freezes your guardian golem. Flame seeps out of your guardian golem.
Your guardian golem is engulfed in blazing flames.
Your guardian golem disappears in a puff of smoke!
Your guardian golem explodes!
The fiery explosion engulfs the centaur!
The centaur shoots an arrow.
The arrow completely misses you.
Casting: Summon Guardian Golem (quite dangerous; 9% risk of failure)
Confirm with . or Enter, or press ? or * to list all spells.
A guardian golem appears, shielding your allies.
The centaur shoots an arrow.
The arrow misses you.
The centaur shoots an arrow.
The arrow completely misses you.
The centaur shoots an arrow.
The arrow hits you!
Ouch! That really hurt!
* * * LOW HITPOINT WARNING * * *
The arrow freezes you.
You die...
Your body crumbles into a pile of gold.

##..........##
##............##
###########........>.....#
.........................#
######..##..............#
###..###..9...........#
#...## #§§§.....(.....#
##.### #§c§..........##
##..# #.#..@.....>.##
#..## c..#####.######
###.## ...#######.###
....# ..# #......# ##### .
#......# ...# #......#
..## #......# .## #......#
## ##.....#


You could see a centaur (ally target) and a friendly guardian golem (summoned).

Vanquished Creatures
  An orc (D:3)
  2 endoplasms
  A goblin (D:1)
  A hobgoblin (D:4)
  A quokka (D:2)
  2 bats (D:1)
  2 frilled lizards
  A kobold (D:4)
  A rat (D:1)
12 creatures vanquished.

Vanquished Creatures (collateral kills)
  An orc wizard (D:3)
  6 adders
  An ufetubus (D:4)
  4 worms
  2 dart slugs (D:1)
  10 orcs (D:3)
  6 bats
  4 endoplasms
  5 giant cockroaches
  9 goblins
  5 hobgoblins
  6 kobolds
  2 quokkas
  6 ball pythons
  3 frilled lizards
  A nameless horror (D:3)
  6 rats
  A spectral hobgoblin (D:1)
78 creatures vanquished.

Vanquished Creatures (others)
  A scorpion (D:4)
1 creature vanquished.

Grand Total: 91 creatures vanquished

Notes
Turn   | Place    | Note
-------+----------+-------------------------------------------
     0 | D:1      | funnyparkerb the Felid Summoner began the quest for the
                  | Orb.
     0 | D:1      | Reached XP level 1. HP: 7/7 MP: 4/4
   280 | D:1      | Reached XP level 2. HP: 11/11 MP: 3/6
   318 | D:1      | Learned a level 2 spell: Call Imp
   499 | D:1      | Found a faded altar of an unknown god.
  1490 | D:1      | Reached XP level 3. HP: 13/13 MP: 5/8
  1629 | D:2      | Learned a level 3 spell: Call Canine Familiar
  2428 | D:2      | Reached XP level 4. HP: 18/18 MP: 6/9
  2432 | D:2      | Learned a level 3 spell: Summon Guardian Golem
  2752 | D:3      | Slain by a worm
  2753 | D:3      | Reached XP level 3. HP: 0/14 MP: 2/8
  2997 | D:3      | Reached skill level 5 in Summonings
  3037 | D:3      | Reached skill level 1 in Hexes
  3037 | D:3      | Reached XP level 4. HP: 18/18 MP: 3/9
  3343 | D:3      | Reached skill level 1 in Fighting
  4349 | D:4      | Noticed a scorpion
  4374 | D:4      | Killed a scorpion
  4375 | D:4      | Reached XP level 5. HP: 22/22 MP: 9/11
  4485 | D:4      | Found a staircase to the Ecumenical Temple.
  4547 | Temple   | Entered the Ecumenical Temple
  4588 | Temple   | Became a worshipper of Gozag Ym Sagoz the Greedy
  4680 | D:5      | Entered Level 5 of the Dungeon
  4767 | D:5      | Noticed a centaur
  4777 | D:5      | Shot with an arrow by a centaur

Illustrated notes

Levels and vault maps discovered:
D:1:      eino_arrival_tree_alley, layout_basic,
          dreamdust_ecumenical_altar_drowned_temple
D:2:      layout_rooms, minmay_misc_feat_room
D:3:      layout_basic, minmay_pentomino_pile
D:4:      layout_basic, minmay_temple_entry_hall, uniq_edmund
D:5:      minmay_inner_zag, layout_rooms, lemuel_crystal_altar,
          gammafunk_ghost_nasty_kobolds, portal_sewer_entry_b,
          minmay_fire_ice_demons
Temple:   nicolae_temple_two_arcs

Skill      XL: |  1  2  3  4 |
---------------+-------------+-----
Spellcasting   | 3 |  3.6
Summonings     | 5 |  5.2
Hexes          | 1 2 |  2.6
Dodging        | 3 |  3.6
Fighting       | 1 |  1.6
Stealth        | |  2.6

Action                   |  1- 3 |  4- 6 || total
-------------------------+-------+-------++-------
Melee: Unarmed           |    59 |    19 ||    78
       Bite              |     4 |     2 ||     6
 Cast: Summon Small Mamm |     9 |     4 ||    13
       Call Imp          |    22 |     3 ||    25
       Call Canine Famil |     8 |    17 ||    25
       Summon Guardian G |       |     6 ||     6
 Stab: Sleeping          |     1 |       ||     1
Armor: Skin              |    12 |       ||    12
Dodge: Dodged            |   110 |    46 ||   156
